 Dungeon Crawl Stone Soup version 0.32-a0-7-ge934b4519a (webtiles) character file.

Game seed: 15416741499861730597

77 NotreDorf the Apothecary (level 4, -2/32 HPs)
             Began as a Merfolk Alchemist on Jan 13, 2024.
             Slain by a gnoll
             ... wielding a +0 club
              (5 damage)
             ... on level 3 of the Dungeon.
             The game lasted 00:11:43 (2720 turns).

NotreDorf the Apothecary (Merfolk Alchemist)        Turns: 2720, Time: 00:11:43

Health: -2/32      AC:  2    Str:  8    XL:     4   Next: 34%
Magic:  0/7        EV: 13    Int: 16    God:
Gold:   88         SH:  0    Dex: 14    Spells: 2/8 levels left

rFire   . . .        n - +0 short sword
rCold   . . .        (no shield)
rNeg    . . .        a - +0 robe
rPois   .            (no helmet)
rElec   .            (no cloak)
rCorr   .            (no gloves)
SInv    .            (no boots)
Will    .....        (no amulet)
Stlth   ++           (no ring)
HPRegen 0.25/turn    (no ring)
MPRegen 0.10/turn

%: no passive effects
@: about to teleport, very slightly contaminated
A: (nimble swimmer 2), mertail
a: no special abilities


You were on level 3 of the Dungeon.
You visited 1 branch of the dungeon, and saw 3 of its levels.

You collected 88 gold pieces.

Inventory:

Hand Weapons
 n - a +0 short sword (weapon)
Armour
 a - a +0 robe (worn)
Scrolls
 f - a scroll of butterflies {unknown}
 h - a scroll of identify
 i - a scroll of fear {unknown}
 k - 2 scrolls of immolation {unknown}
Potions
 b - a potion of magic
 d - a potion of enlightenment {unknown}
 e - a potion of might {unknown}
 g - a potion of attraction {unknown}
 j - a potion of lignification {unknown}
 l - a potion of degeneration {unknown}


   Skills:
 - Level 1.6 Fighting
 + Level 3.5 Dodging
 - Level 3.0 Stealth
 + Level 2.5 Spellcasting
 - Level 0.7 Conjurations
 + Level 0.1 Air Magic
 + Level 4.6 Alchemy


You had 2 spell levels left.
You knew the following spells:

 Your Spells              Type           Power      Damage    Failure   Level
a - Sting                 Conj/Alch      40%        1d5       7%          1
b - Mercury Vapours       Alch/Air       18%        N/A       11%         2
c - Mephitic Cloud        Conj/Alch/Air  7%         N/A       28%         3

Your spell library contained the following spells:

 Spells                   Type           Power      Damage    Failure   Level
 Olgreb's Toxic Radiance  Alch           16%        N/A       28%         4
 Sticky Flame             Fire/Alch      9%         2d5       58%         4
 Cause Fear               Hex            1%         N/A       89%         4
 Dimensional Bullseye     Hex/Tloc       1%         N/A       89%         4


Dungeon Overview and Level Annotations

Branches:
Dungeon (3/15)

Altars:
Nemelex Xobeh

Shops:
D:1 (   D:2 :


Innate Abilities, Weirdness & Mutations

((You are very nimble when in or above water. (Stealth+, EV+, Speed+++)))
Your lower body shifts to a powerful aquatic tail in water.


Message History

Casting: Sting (safe; 7% risk of failure)
Confirm with . or Enter, or press ? or * to list all spells.
Aiming: Sting (safe; 7% risk of failure)
Press: ? - help, Shift-Dir - straight line, f/p - gnoll
Aim: a gnoll, wielding a +0 halberd (moderately wounded, poisoned, 75% to hit)
The sting hits the gnoll.
The gnoll looks even sicker.
The gnoll is heavily wounded.
The gnoll hits you from afar with a +0 halberd!
Ouch! That really hurt!
* * * LOW HITPOINT WARNING * * *
2 gnolls come into view.
A gnoll comes into view. It is wielding a +0 club.
The gnoll moves out of view.
You see here a hobgoblin corpse.
The gnoll attacks as it pursues you!
The gnoll hits you from afar with a +0 halberd.
* * * LOW HITPOINT WARNING * * *
The gnoll attacks as it pursues you! The gnoll closely misses you.
As you read the scroll labelled LOGRA HOASOFUI, it crumbles to dust.
It is a scroll of identify.
m - 2 scrolls of teleportation
As you read the scroll of teleportation, it crumbles to dust.
You feel strangely unstable.
The gnoll looks more healthy.
Your surroundings seem slightly different.
The gnoll barely misses you.
The gnoll shouts!
Casting: Sting (safe; 7% risk of failure)
Confirm with . or Enter, or press ? or * to list all spells.
Aiming: Mephitic Cloud (quite dangerous; 28% risk of failure)
Press: ? - help, Shift-Dir - straight line, f - you, p - gnoll You miscast Mephitic Cloud.
You are very lightly contaminated with residual magic.
Nothing appears to happen.
The gnoll misses you. The gnoll completely misses you.
The gnoll closely misses you.
As you read the scroll of teleportation, it crumbles to dust.
You feel strangely unstable. The gnoll closely misses you.
The gnoll barely misses you. The gnoll misses you.
The gnoll hits you with a +0 club.
You die...

#........... #....._.....
######### ###.....#..
##.:...#... ###.....#
##..§....... #.).....###
#........... #.##......##
#......$....
###.##..###..###..g........
....##.....#..##g.....†....
...###g###.##.g.@..........
<.## #.. #g####g...........
..# #.# #.# ##.$.........
.... #.# ... ...†.....#..
..#.#..# #.. .........## #
..#.... .#...........# ..#
.<. . ....####..... ..# ...
. #.## ..... ### ...


You could see 4 gnolls.

Vanquished Creatures
  An adder (D:2)
  6 endoplasms
  3 giant cockroaches
  8 goblins
  7 hobgoblins
  4 jackals (D:1)
  4 quokkas
  4 ball pythons
  7 bats
  4 frilled lizards
  4 kobolds
  9 rats
61 creatures vanquished.

Notes
Turn   | Place    | Note
-------+----------+-------------------------------------------
     0 | D:1      | NotreDorf the Merfolk Alchemist began the quest for the
                  | Orb.
     0 | D:1      | Reached XP level 1. HP: 13/13 MP: 3/3
    38 | D:1      | Found Xiynis's Weapon Shoppe.
   144 | D:1      | Reached XP level 2. HP: 20/20 MP: 3/5
   474 | D:1      | Reached skill level 1 in Fighting
   582 | D:1      | Reached XP level 3. HP: 22/26 MP: 1/6
   886 | D:1      | Got the Anthology of the Fuming Evil Eye
  1046 | D:1      | Found a faded altar of an unknown god.
  1311 | D:2      | Learned a level 2 spell: Mercury Vapours
  1315 | D:2      | Learned a level 3 spell: Mephitic Cloud
  1976 | D:2      | Found Pochay's Book Shop.
  1987 | D:2      | Reached XP level 4. HP: 9/32 MP: 3/7
  2564 | D:3      | Found a sparkling altar of Nemelex Xobeh.
  2711 | D:3      | HP: 1/32 [gnoll/+0 halberd (4)]
  2720 | D:3      | Slain by a gnoll

Illustrated notes

Levels and vault maps discovered:
D:1:      dpeg_arrival_ternary, layout_loops_ring, serial_glass,
          glass_columns_a, glass_columns_a, glass_columns_a, glass_columns_a,
          glass_columns_b, glass_columns_a, glass_columns_a, glass_columns_a,
          due_unseen_surprise, minmay_strange_pillars,
          shapermc_ecumenical_altar_flowoftime, serial_shops,
          nicolae_shop_pleasant_corner_grove, st_stairs_9,
          chequers_serial_rivers_micro_e, serial_bayou_crossing
D:2:      layout_loops_corners, serial_aquarium, aquarium_bridge_long_joined
          [aquarium_subvault_wall, aquarium_subvault_bridge,
          aquarium_subvault_wall, aquarium_subvault_bridge,
          aquarium_subvault_balcony, aquarium_subvault_bridge],
          aquarium_window_1, aquarium_window_corner, aquarium_view_2g,
          aquarium_view_2g, serial_shops, shop
D:3:      minmay_evil_eye, layout_rooms, overflow_temple_1_default

Skill      XL: |  1  2  3 |
---------------+----------+-----
Dodging        | 3 |  3.5
Fighting       | 1 |  1.6
Stealth        | 3 |  3.0
Spellcasting   | |  2.5
Conjurations   | |  0.7
Air Magic      | |  0.1
Alchemy        | |  4.6

Action                     |  1- 3 |  4- 6 || total
---------------------------+-------+-------++-------
  Melee: Unarmed           |     3 |       ||     3
         Dagger            |    42 |       ||    42
         Short sword       |     4 |     6 ||    10
   Cast: Sting             |    69 |    20 ||    89
    Use: Scroll            |       |     3 ||     3
 Armour: Robe              |    25 |     5 ||    30
  Dodge: Dodged            |    28 |    13 ||    41

Table legend: (Time is in decaauts)
 A = Elapsed time spent in this place.
 B = Non-inter-level travel time spent in this place.
 C = Inter-level travel time spent in this place.
 D = Time resting spent in this place.
 E = Time spent auto-exploring this place.
 F = Levels seen in this place.
 G = Mean time per level.
                   A        B        C        D        E       F      G
               +--------+--------+--------+--------+--------+-----+--------+
         Total |   2707 |   2662 |     45 |     37 |   2210 |   3 |  902.3 |
       Dungeon |   2707 |   2662 |     45 |     37 |   2210 |   3 |  902.3 |
               +--------+--------+--------+--------+--------+-----+--------+

Top non-repeatable levels by time:
     D:1: 1287 daAuts
     D:2: 1258 daAuts
     D:3: 161 daAuts
